 Dungeon Crawl Stone Soup version 0.31.0-9-g3a7656b989 (webtiles) character file.

Game seed: 4216687443664759079

1034 qw the Skirmisher (level 8, -10/45 HPs)
             Began as a Deep Elf Hunter on Feb 2, 2024.
             Mangled by a gnoll sergeant
             ... wielding a +2 vampiric spear
              (11 damage)
             ... on level 5 of the Dungeon.
             The game lasted 00:00:19 (4474 turns).

qw the Skirmisher (Deep Elf Hunter)                 Turns: 4474, Time: 00:00:20

Health: -10/45     AC:  8    Str:  8 (10) XL:     8   Next: 3%
Magic:  0/10       EV: 16    Int: 15      God:
Gold:   216        SH:  0    Dex: 16 (18) Spells: 7/7 levels left

rFire   . . .        b - +0 orcbow
rCold   . . .        (shield currently unavailable)
rNeg    . . .        e - +0 ring mail
rPois   +            m - +0 helmet
rElec   .            (no cloak)
rCorr   .            (no gloves)
SInv    .            f - +1 pair of boots
Will    .....        h - amulet of guardian spirit
Stlth   +            j - ring of poison resistance
HPRegen 0.27/turn    a - +5 ring of evasion
MPRegen 0.12/turn

%: guardian spirit
@: no status effects
A: no striking features
a: no special abilities


You were on level 5 of the Dungeon.
You visited 1 branch of the dungeon, and saw 5 of its levels.

You collected 216 gold pieces.


   Skills:
 + Level 2.8 Fighting
 - Level 12.1 Ranged Weapons
 - Level 1.2 Armour
 - Level 3.3 Dodging
 - Level 1.2 Stealth


You had 7 spell levels left.
You didn't know any spells.
Your spell library was empty.

Inventory:

Hand Weapons
 b - a +0 orcbow (weapon)
Armour
 e - a +0 ring mail (worn)
 f - a +1 pair of boots (worn)
 m - a +0 helmet (worn)
Jewellery
 a - a +5 ring of evasion (right hand)
 h - an amulet of guardian spirit (around neck)
 j - a ring of poison resistance (left hand)
 Y - a ring of see invisible
Wands
 g - a wand of iceblast (6)
 n - a wand of acid (3)
Scrolls
 k - a scroll of torment {unknown}
 o - a scroll of identify
Potions
 c - a potion of resistance
 d - a potion of haste {unknown}
 i - a potion of might
 l - a potion of curing

Dungeon Overview and Level Annotations

Branches:
Dungeon (5/15)
 Temple: D:4-7

Altars:
Makhleb

Shops:
D:1 =


Message History

You shoot an arrow. The arrow hits the ufetubus.
The ufetubus is moderately wounded.
The ufetubus closely misses you.
The ufetubus hits you but does no damage.
The gnoll sergeant barely misses you. The ufetubus misses you.
The ufetubus hits you but does no damage.
You shoot an arrow. The arrow closely misses the ufetubus.
The ufetubus slips past you!
The ufetubus hits you but does no damage. x2
The gnoll sergeant hits you from afar with a +2 vampiric spear.
You shoot an arrow. The arrow hits the ufetubus.
The ufetubus is severely wounded.
The ufetubus hits you. The ufetubus completely misses you.
The ufetubus misses you. The ufetubus closely misses you.
The gnoll sergeant hits you from afar with a +2 vampiric spear.
You shoot an arrow. The arrow hits the ufetubus!
You kill the ufetubus!
The gnoll sergeant hits you but does no damage.
You shoot an arrow. The gnoll sergeant blocks the arrow.
The gnoll sergeant misses you.
You shoot an arrow.
The arrow closely misses the gnoll sergeant.
The gnoll sergeant hits you from afar with a +2 vampiric spear.
You shoot an arrow. The arrow hits the gnoll sergeant!
The gnoll sergeant is moderately wounded.
You hear a shout!
The gnoll sergeant closely misses you.
You shoot an arrow. The gnoll sergeant blocks the arrow.
You hear a shout!
The gnoll sergeant hits you from afar with a +2 vampiric spear.
The gnoll sergeant draws strength from your wounds!
You shoot an arrow. The arrow hits the gnoll sergeant.
The gnoll sergeant is moderately wounded.
The gnoll sergeant hits you from afar with a +2 vampiric spear.
You shoot an arrow. The gnoll sergeant blocks the arrow.
The gnoll sergeant hits you from afar with a +2 vampiric spear.
The gnoll sergeant draws strength from your wounds!
You shoot an arrow. The gnoll sergeant blocks the arrow.
The gnoll sergeant hits you from afar with a +2 vampiric spear!
You die...

#.........#
#.##.
#.##......#
#.###
#......#.##
#.##.
##.....#.#
#.##.
#.....#.#
#....
#.....#.#
#.#..
#.....#.#
#.#..
#.....#.#
#....
###@#...#
#####
#)##### #.g
####


You could see a gnoll sergeant.

Vanquished Creatures
  An ogre (D:5)
  A phantom (D:5)
  7 scorpions
  A jelly (D:4)
  2 bombardier beetles (D:5)
  2 orc priests (D:5)
  An iguana (D:4)
  2 orc wizards
  A gnoll (D:5)
  9 adders
  2 ufetubi (D:5)
  6 dart slugs
  3 ribbon worms
  11 orcs
  5 endoplasms
  4 giant cockroaches
  5 goblins
  11 hobgoblins
  5 jackals
  6 kobolds
  6 quokkas
  9 ball pythons
  14 bats
  2 frilled lizards (D:2)
  4 rats
120 creatures vanquished.

Notes
Turn   | Place    | Note
-------+----------+-------------------------------------------
     0 | D:1      | qw the Deep Elf Hunter began the quest for the Orb.
     0 | D:1      | Reached XP level 1. HP: 12/12 MP: 3/3
     0 | D:1      | 0 ||| qw: Version: 0.3-a-155-g5e7d8dd
     0 | D:1      | 0 ||| qw: Game counter: 1423
     0 | D:1      | 0 ||| qw: Melee chars always use a shield: true
     0 | D:1      | 0 ||| qw: God list: Okawaru
     0 | D:1      | 0 ||| qw: Allow faded altars: false
     0 | D:1      | 0 ||| qw: Do Orc after clearing Dungeon:15 true
     0 | D:1      | 0 ||| qw: Do second Lair branch before Depths: true
     0 | D:1      | 0 ||| qw: Lair rune preference: random
     0 | D:1      | 0 ||| qw: Goals: Normal
     0 | D:1      | 0 ||| PLANNING D:1-11
   187 | D:1      | Reached XP level 2. HP: 16/16 MP: 4/4
   199 | D:1      | Reached skill level 6 in Ranged Weapons
   526 | D:1      | Found Teorhoh's Jewellery Shoppe.
   536 | D:1      | 536 ||| SHOPLISTING +4 ring of slaying (1014 gold, have
                  | 27).
   536 | D:1      | 536 ||| SHOPLISTING +5 ring of evasion (468 gold, have 27).
   536 | D:1      | 536 ||| SHOPLISTING amulet of faith (520 gold, have 27).
   536 | D:1      | 536 ||| SHOPLISTING amulet of regeneration (390 gold, have
                  | 27).
   536 | D:1      | 536 ||| SHOPLISTING ring of fire (325 gold, have 27).
   536 | D:1      | 536 ||| SHOPLISTING ring of poison resistance (260 gold,
                  | have 27).
   536 | D:1      | 536 ||| SHOPLISTING ring of positive energy (260 gold, have
                  | 27).
   912 | D:1      | 912 ||| UPGRADING to +0 ring mail.
   922 | D:1      | 922 ||| DROPPING +0 leather armour.
   923 | D:1      | 923 ||| READING scroll labelled IWKAIG WOWONI.
   928 | D:1      | 928 ||| READING scroll labelled JAWIKA AXICE.
   928 | D:1      | 928 ||| ENCHANTING +0 shortbow.
   929 | D:1      | 929 ||| READING scroll labelled EBBYLIEZEPT.
   930 | D:1      | 930 ||| READING scroll labelled TYP OWNISHUL.
   930 | D:1      | 930 ||| IDENTIFYING bubbling green potion
   931 | D:1      | 931 ||| READING scroll labelled DYALUW CERGH.
  1032 | D:1      | 1032 ||| DRINKING 2 fizzy pink potions.
  1033 | D:1      | 1033 ||| DROPPING scroll of butterflies.
  1034 | D:1      | 1034 ||| DROPPING potion of brilliance.
  1084 | D:2      | Reached XP level 3. HP: 20/20 MP: 5/5
  1114 | D:2      | 1114 ||| SWAPPING to +0 orcbow.
  1115 | D:2      | 1115 ||| DROPPING +1 shortbow.
  1369 | D:2      | Reached skill level 7 in Ranged Weapons
  1530 | D:2      | 1530 ||| UPGRADING to +0 pair of boots.
  1535 | D:2      | 1535 ||| UPGRADING to ring of see invisible.
  1536 | D:2      | 1536 ||| READING 3 scrolls labelled BYSHRE YRALUTI.
  1537 | D:2      | 1537 ||| DRINKING 2 murky pink potions.
  1538 | D:2      | 1538 ||| DROPPING 2 scrolls of poison.
  1868 | D:3      | Reached XP level 4. HP: 24/25 MP: 6/6
  2066 | D:3      | Reached skill level 8 in Ranged Weapons
  2166 | D:3      | Found a burning altar of Makhleb.
  2312 | D:3      | 2312 ||| UPGRADING to amulet of guardian spirit.
  2317 | D:3      | 2317 ||| UPGRADING to +5 ring of evasion.
  2318 | D:3      | 2318 ||| READING scroll labelled SAMYDE BEBRUZ.
  2319 | D:3      | 2319 ||| READING scroll labelled LIUFAH NAPYBB.
  2319 | D:3      | 2319 ||| ENCHANTING +0 pair of boots.
  2320 | D:3      | 2320 ||| DRINKING 2 dark potions.
  2321 | D:3      | 2321 ||| DROPPING potion of attraction.
  2370 | D:4      | 2370 ||| STAIRDANCE
  2458 | D:4      | Reached XP level 5. HP: 9/29 MP: 1/7
  2635 | D:4      | Reached skill level 9 in Ranged Weapons
  2932 | D:4      | 2932 ||| DRINKING potion of curing.
  2932 | D:4      | 2932 ||| (to cure confusion)
  3040 | D:4      | Reached XP level 6. HP: 35/35 MP: 8/8
  3471 | D:4      | Reached skill level 10 in Ranged Weapons
  3473 | D:4      | Reached skill level 3 in Dodging
  3495 | D:4      | Reached skill level 1 in Armour
  3495 | D:4      | Reached XP level 7. HP: 15/40 MP: 6/9
  3497 | D:4      | HP: 10/40 [poisoned by a scorpion]
  3639 | D:4      | Found the +11 Singing Sword {sonic wave}
  3725 | D:4      | 3725 ||| UPGRADING to +0 helmet.
  3730 | D:4      | 3730 ||| UPGRADING to ring of poison resistance.
  3732 | D:4      | 3732 ||| READING scroll of identify.
  3732 | D:4      | 3732 ||| IDENTIFYING brown potion
  3733 | D:4      | 3733 ||| READING scroll labelled QOETUO NEICA.
  3734 | D:4      | 3734 ||| DRINKING 3 pink potions.
  3735 | D:4      | 3735 ||| DROPPING 2 potions of degeneration.
  3761 | D:5      | Entered Level 5 of the Dungeon
  3762 | D:5      | 3762 ||| PLANNING SEWER
  3860 | D:5      | Reached skill level 11 in Ranged Weapons
  3906 | D:5      | 3906 ||| FLEEEEING.
  3907 | D:5      | 3907 ||| FLEEEEING.
  4061 | D:5      | Reached skill level 12 in Ranged Weapons
  4128 | D:5      | Reached XP level 8. HP: 43/45 MP: 8/10
  4408 | D:5      | 4408 ||| RIP SEWER
  4434 | D:5      | 4434 ||| PLANNING D:1-11
  4466 | D:5      | HP: 11/45 [gnoll sergeant/+2 vampiric spear (4)]
  4471 | D:5      | HP: 7/45 [gnoll sergeant/+2 vampiric spear (4)]
  4472 | D:5      | HP: 3/45 [gnoll sergeant/+2 vampiric spear (5)]
  4473 | D:5      | HP: 1/45 [gnoll sergeant/+2 vampiric spear (2)]
  4474 | D:5      | Mangled by a gnoll sergeant

Levels and vault maps discovered:
D:1:      mushboom_english_gardens, layout_loops_corners, serial_shops,
          nicolae_shop_pleasant_corner_grove
D:2:      layout_basic, corexii_hall_statues_i
D:3:      layout_basic, lightli_temple_of_fire, kennysheep_generic_room_5
D:4:      old_forge, layout_basic, minmay_hedge_maze
D:5:      layout_basic, portal_sewer_entry_d, hangedman_decor_push, minivault_19

Skill      XL: |  1  2  3  4  5  6  7 |
---------------+----------------------+-----
Ranged Weapons | 6 7 8 9 10 12 | 12.1
Fighting       | 2 |  2.8
Dodging        | 3 |  3.3
Armour         | 1 |  1.2
Stealth        | |  1.2

Action                     |  1- 3 |  4- 6 |  7- 9 || total
---------------------------+-------+-------+-------++-------
   Fire: Shortbow          |    54 |       |       ||    54
         Orcbow            |    40 |   163 |   118 ||   321
    Use: Scroll            |     6 |     2 |     2 ||    10
         Potion            |     2 |     2 |     1 ||     5
 Armour: Leather armour    |     6 |       |       ||     6
         Ring mail         |     6 |    48 |    49 ||   103
  Dodge: Dodged            |    17 |    94 |    90 ||   201

Table legend:
 A = Non-vault XP
 B = Vault XP
 C = Vault XP percentage of total XP
 D = Non-vault monster count
 E = Vault monster count
 F = Vault count percentage of total count
                 A         B        C        D         E       F
            +---------+---------+-------+---------+---------+-------
      Total |    1187 |     291 |  19.7 |     104 |      16 |  13.3
            +---------+---------+-------+---------+---------+-------
        D:1 |      35 |       0 |   0.0 |      19 |       0 |   0.0
        D:2 |      44 |       0 |   0.0 |      16 |       0 |   0.0
        D:3 |      74 |       8 |   9.8 |      21 |       3 |  12.5
        D:4 |     365 |     270 |  42.5 |      24 |      12 |  33.3
        D:5 |     669 |      13 |   1.9 |      24 |       1 |   4.0
            +---------+---------+-------+---------+---------+-------
